 Dungeon Crawl Stone Soup version 0.18-a0-705-g580043c (webtiles) character file.

317 Duffy the Slasher (level 6, -1/47 HPs)
             Began as a Formicid Berserker on Dec 7, 2015.
             Was an Elder of Trog.
             Slain by a water moccasin zombie (2 damage)
             ... on level 5 of the Dungeon.
             The game lasted 00:05:13 (3862 turns).

Duffy the Slasher (Formicid Berserker)              Turns: 3862, Time: 00:05:13

Health: -1/47      AC:  9    Str: 24    XL:     6   Next: 74%
Magic:  6/6        EV:  8    Int:  6    God:    Trog [****..]
Gold:   203        SH:  0    Dex: 10    Spells: 0 memorised, 5 levels left

rFire  . . .     SeeInvis +     a - +0 falchion
rCold  . . .     Clarity  .     l - +0 chain mail
rNeg   . . .     SustAt   .     (no shield)
rPois  .         Gourm    .     (helmet unavailable)
rElec  .         Spirit   .     n - +0 cloak
rCorr  .         Dismiss  .     (no gloves)
rMut   .         Stasis   +     (no boots)
MR     .....                    (no amulet)
Stlth  ..........               (no ring)
                                (no ring)

@: not resistant to hostile enchantments, extremely unstealthy
A: permanent stasis, dig shafts and tunnels, four strong arms, antennae 3
a: Dig, Shaft Self, Trog's Hand, Brothers in Arms, Burn Spellbooks, Renounce
Religion


You were on level 5 of the Dungeon.
You worshipped Trog.
Trog was greatly pleased with you.
You were not hungry.

You visited 1 branch of the dungeon, and saw 5 of its levels.

You collected 203 gold pieces.


Innate Abilities, Weirdness & Mutations

You are under a permanent stasis effect.
You can dig through walls and to a lower floor.
Your four strong arms can wield two-handed weapons with a shield.
You have a pair of large antennae on your head (SInv).


   Skills:
 - Level 3.2 Fighting
 + Level 6.9 Long Blades
 - Level 2.2 Armour
 - Level 2.0 Dodging


You had 5 spell levels left.
You didn't know any spells.

Inventory:

Hand Weapons
 a - a +0 falchion (weapon)
 b - a +0 blowgun
Missiles
 s - 44 poisoned needles
Armour
 g - a +0 ring mail
 l - a +0 chain mail (worn)
 n - a +0 cloak (worn)
 D - a +0 animal skin
Wands
 v - a wand of random effects (27)
Scrolls
 d - a scroll of fear {unknown}
 e - 2 scrolls of remove curse {unknown}
 j - 2 scrolls of random uselessness {unknown}
 m - 5 scrolls of identify {unknown}
 t - a scroll of teleportation {unknown}
 w - a scroll of amnesia {unknown}
 y - 2 scrolls of recharging {unknown}
 z - a scroll of enchant armour {unknown}
 B - a scroll of enchant weapon {unknown}
Potions
 f - a potion of might {unknown}
 h - a potion of resistance {unknown}
 i - a potion of brilliance {unknown}
 k - a potion of heal wounds {unknown}
 o - a potion of cancellation {unknown}
 p - a potion of invisibility {unknown}
 q - 2 potions of mutation {unknown}
 r - a potion of curing
 C - a potion of agility {unknown}
Comestibles
 c - 4 bread rations
 u - 2 beef jerkies
 x - a fruit

Dungeon Overview and Level Annotations

Branches:
Dungeon (5/15)
 Temple: D:4-7

Altars:
Cheibriados


Message History

Your chain mail prevents you from hitting the hound.
The hound is severely wounded.
The hound barely misses you. The hound bites you.
You hit the hound but do no damage.
The hound is severely wounded.
The hound bites you but does no damage.
You hit the hound.
You kill the hound!
Trog accepts your kill. The water moccasin zombie bites you.
You hit the water moccasin zombie.
The water moccasin zombie bites you but does no damage.
Your chain mail prevents you from hitting the water moccasin zombie.
The water moccasin zombie bites you.
You slash the water moccasin zombie! The water moccasin zombie bites you.
You barely miss the water moccasin zombie.
The water moccasin zombie completely misses you.
Your chain mail prevents you from hitting the water moccasin zombie.
The water moccasin zombie bites you.
You barely miss the water moccasin zombie.
The water moccasin zombie bites you but does no damage.
You hit the water moccasin zombie.
The water moccasin zombie barely misses you.
The water moccasin zombie completely misses you.
You barely miss the water moccasin zombie.
The water moccasin zombie bites you but does no damage.
You hit the water moccasin zombie.
The water moccasin zombie bites you but does no damage.
You hit the water moccasin zombie. The water moccasin zombie bites you.
You hit the water moccasin zombie.
The water moccasin zombie bites you but does no damage.
You closely miss the water moccasin zombie.
The water moccasin zombie bites you but does no damage.
You slash the water moccasin zombie! The water moccasin zombie bites you.
You die...

.....
##.#.##
{.... #.#.#
#######.#.#
.......Z<.#
........###
########Z#
#@## ###


You could see a water moccasin zombie.

Action                   |  1- 3 |  4- 6 || total
-------------------------+-------+-------++-------
Melee: Falchion          |   137 |   340 ||   477
 Abil: Dig               |       |     6 ||     6
  Eat: Chunk             |     1 |    10 ||    11

Notes
Turn   | Place    | Note
--------------------------------------------------------------
     0 | D:1      | Duffy the Formicid Berserker began the quest for the Orb.
     0 | D:1      | Reached XP level 1. HP: 18/18 MP: 1/1
   171 | D:1      | Reached skill level 2 in Dodging
   204 | D:1      | Reached XP level 2. HP: 24/24 MP: 2/2
   587 | D:1      | Reached ** piety under Trog
   587 | D:1      | Reached XP level 3. HP: 29/29 MP: 3/3
   975 | D:2      | Reached skill level 4 in Long Blades
  1269 | D:2      | Noticed Natasha
  1278 | D:2      | Killed Natasha
  1278 | D:2      | Reached XP level 4. HP: 19/35 MP: 4/4
  1470 | D:2      | Noticed Natasha
  1477 | D:2      | Killed Natasha
  1568 | D:2      | Noticed Natasha
  1586 | D:2      | Killed Natasha
  1780 | D:2      | Reached skill level 5 in Long Blades
  1842 | D:3      | Reached XP level 5. HP: 41/41 MP: 5/5
  2563 | D:3      | Reached *** piety under Trog
  3056 | D:4      | Found a snail-covered altar of Cheibriados.
  3102 | D:4      | Reached skill level 6 in Long Blades
  3102 | D:4      | Reached XP level 6. HP: 45/47 MP: 6/6
  3636 | D:4      | Reached **** piety under Trog
  3839 | D:5      | Entered Level 5 of the Dungeon
  3862 | D:5      | Slain by a water moccasin zombie

Vault maps used:
D:1:      scummos_arrival_forest, minmay_lizard_king
D:2:      uniq_natasha
D:3:      minmay_door_path
D:4:      corexii_shantytown, hangedman_ru_absence, serial_shops,
          nicolae_shop_waterfront, cheibriados_altar_1, uniq_eustachio
D:5:      temple_garden, first_bread, uniq_edmund, uniq_pikel

Vanquished Creatures
  A hound Natasha (thrice)
  2 orc wizards
  3 gnolls
  4 adders
  2 worms
  3 giant geckos
  12 orcs
  8 bats
  17 goblins
  17 hobgoblins
  4 jackals
  14 kobolds
  A quokka
  A giant cockroach
  12 giant newts
  8 rats
112 creatures vanquished.
